 Dungeon Crawl Stone Soup version 0.23.2-33-g5129a83184 (webtiles) character file.

Game seed: 14409156066055220630

123 troglodite the Charmwright (level 5, -1/43 HPs)
             Began as a Gnoll Skald on July 5, 2019.
             Slain by Natasha (5 damage)
             ... on level 2 of the Dungeon.
             The game lasted 00:05:50 (1842 turns).

troglodite the Charmwright (Gnoll Skald)            Turns: 1842, Time: 00:05:50

Health: -1/43      AC:  6    Str: 13    XL:     5   Next: 7%
Magic:  5/12       EV: 10    Int: 16    God:
Gold:   76         SH:  7    Dex: 15    Spells: 7/14 levels left

rFire    . . .     SeeInvis .   a - +0 spear
rCold    . . .     Gourm    .   e - +0 shield
rNeg     . . .     Faith    .   h - +0 ring mail
rPois    .         Spirit   .   (no helmet)
rElec    .         Reflect  .   (no cloak)
rCorr    .         Harm     .   (no gloves)
MR       .....                  i - +0 pair of boots
Stlth    +.........             (no amulet)
HPRegen  0.14/turn              (no ring)
MPRegen  0.13/turn              (no ring)

@: very slightly contaminated, glowing
A: distributed training, fangs 1, strong nose
a: no special abilities


You were on level 2 of the Dungeon.
You were not hungry.

You visited 1 branch of the dungeon, and saw 2 of its levels.

You collected 76 gold pieces.

Inventory:

Hand Weapons
 a - a +0 spear (weapon)
Armour
 e - a +0 shield (worn)
 h - a +0 ring mail (worn)
 i - a +0 pair of boots (worn)
Wands
 p - a wand of paralysis (12)
Scrolls
 c - 2 scrolls of remove curse {unknown}
 f - a scroll of blinking {unknown}
 j - 2 scrolls of identify {unknown}
 m - a scroll of teleportation {unknown}
 o - 4 scrolls of amnesia {unknown}
Potions
 b - a potion of magic {unknown}
 g - a potion of degeneration {unknown}
 k - a potion of flight {unknown}
 l - a potion of haste {unknown}
 n - a potion of curing {unknown}
 r - a potion of lignification {unknown}
Comestibles
 d - 3 rations


   Skills:
 + Level 4.7 Fighting
 + Level 1.3 Short Blades
 + Level 1.3 Long Blades
 + Level 1.3 Axes
 + Level 1.3 Maces & Flails
 + Level 4.7 Polearms
 + Level 1.3 Staves
 + Level 1.3 Slings
 + Level 1.3 Bows
 + Level 1.3 Crossbows
 + Level 1.3 Throwing
 + Level 2.8 Armour
 + Level 4.7 Dodging
 + Level 1.3 Stealth
 + Level 1.3 Shields
 + Level 1.3 Unarmed Combat
 + Level 5.1 Spellcasting
 + Level 1.0 Conjurations
 + Level 1.0 Hexes
 + Level 5.5 Charms
 + Level 1.0 Summonings
 + Level 1.0 Necromancy
 + Level 1.0 Translocations
 + Level 1.0 Transmutations
 + Level 1.0 Fire Magic
 + Level 1.0 Ice Magic
 + Level 1.0 Air Magic
 + Level 1.0 Earth Magic
 + Level 1.0 Poison Magic
 + Level 1.4 Invocations
 + Level 1.3 Evocations


You had 7 spell levels left.
You knew the following spells:

 Your Spells              Type           Power        Failure   Level  Hunger
a - Infusion              Chrm           ###.         19%         1    None
b - Spectral Weapon       Hex/Chrm       ##......     80%         3    ###....
c - Regeneration          Chrm/Necr      ##........   80%         3    ###....

Your spell library contained the following spells:

 Spells                   Type           Power        Failure   Level  Hunger
 Song of Slaying          Chrm           ###.....     28%         2    #......
 Shroud of Golubria       Chrm/Tloc      ##........   56%         2    #......


Dungeon Overview and Level Annotations

Branches:
Dungeon (2/15)

Altars:

Annotations:
D:2 Natasha


Innate Abilities, Weirdness & Mutations

Your experience applies equally to all skills.
You have very sharp teeth.
Your uncanny sense of smell can sniff out nearby items.


Message History

Natasha is heavily wounded.
Natasha claws you.
* * * LOW HITPOINT WARNING * * *
Unknown command.
You hit Natasha.
Natasha is severely wounded.
Natasha casts a spell at you. The magic dart hits you.
* * * LOW HITPOINT WARNING * * *
You hit Natasha but do no damage. You bite Natasha, but do no damage.
Natasha is severely wounded.
Natasha claws you.
* * * LOW HITPOINT WARNING * * *
You barely miss Natasha.
Natasha is severely wounded.
You block Natasha's attack.
You hit Natasha but do no damage. You bite Natasha, but do no damage.
Natasha is severely wounded.
Natasha claws you.
You die...

#...#.##.......# #.####..####.
#...#..........# #.#.##..# #.
#...###.#...#.## #.#<....## #.
#.### #..[..#.####.#####..# #.
#.# ######..#......# ##.# #.
#.# ########.##.##.#.# #.# #.
#.# #..)..#........#.# #.###>
#.###.###.#..##....#.# #..##.
#...#...#.#..@####.#.#####.##.
###.###.#.##..h..#.#.....#.##.
#.....#.....##.....###.#.##.
###.......####.....# #.#..#.
#..................# #.##.#.
#.#.......####.....# #.##.#.
#.#.......# #.....# #.##...
#.#.......# #.....# #.###..
#.######### #.....# #.....>


You could see Natasha.

Vanquished Creatures
  Terence (D:2)
  An iguana (D:2)
  4 adders (D:2)
  An ooze (D:1)
  4 goblins (D:1)
  2 hobgoblins
  2 jackals (D:1)
  3 kobolds
  A quokka (D:2)
  8 bats
  5 frilled lizards
  4 rats
36 creatures vanquished.

Notes
Turn   | Place    | Note
-------+----------+-------------------------------------------
     0 | D:1      | troglodite the Gnoll Skald began the quest for the Orb.
     0 | D:1      | Reached XP level 1. HP: 20/20 MP: 6/6
   111 | D:1      | Reached XP level 2. HP: 20/26 MP: 7/7
   554 | D:1      | Reached XP level 3. HP: 31/31 MP: 9/9
   702 | D:2      | Reached skill level 5 in Spellcasting
   791 | D:2      | Reached skill level 1 in Invocations
   890 | D:2      | Reached skill level 1 in Short Blades
   890 | D:2      | Reached skill level 1 in Long Blades
   890 | D:2      | Reached skill level 1 in Axes
   890 | D:2      | Reached skill level 1 in Maces & Flails
   890 | D:2      | Reached skill level 1 in Staves
   890 | D:2      | Reached skill level 1 in Slings
   890 | D:2      | Reached skill level 1 in Bows
   890 | D:2      | Reached skill level 1 in Crossbows
   890 | D:2      | Reached skill level 1 in Throwing
   890 | D:2      | Reached skill level 1 in Stealth
   890 | D:2      | Reached skill level 1 in Shields
   890 | D:2      | Reached skill level 1 in Unarmed Combat
   890 | D:2      | Reached skill level 1 in Evocations
   944 | D:2      | Reached XP level 4. HP: 37/38 MP: 11/11
   953 | D:2      | Learned a level 3 spell: Spectral Weapon
   957 | D:2      | Learned a level 3 spell: Regeneration
   962 | D:2      | Noticed Terence
   995 | D:2      | Killed Terence
  1158 | D:2      | Noticed Natasha
  1530 | D:2      | Reached skill level 1 in Conjurations
  1530 | D:2      | Reached skill level 1 in Hexes
  1530 | D:2      | Reached skill level 1 in Summonings
  1530 | D:2      | Reached skill level 1 in Necromancy
  1530 | D:2      | Reached skill level 1 in Translocations
  1530 | D:2      | Reached skill level 1 in Transmutations
  1530 | D:2      | Reached skill level 1 in Fire Magic
  1530 | D:2      | Reached skill level 1 in Ice Magic
  1530 | D:2      | Reached skill level 1 in Air Magic
  1530 | D:2      | Reached skill level 1 in Earth Magic
  1530 | D:2      | Reached skill level 1 in Poison Magic
  1795 | D:2      | Reached XP level 5. HP: 24/43 MP: 12/12
  1842 | D:2      | Slain by Natasha

Skill      XL: |  1  2  3  4 |
---------------+-------------+-----
Spellcasting   | 5 |  5.1
Invocations    | 1 |  1.4
Short Blades   | 1 |  1.3
Long Blades    | 1 |  1.3
Axes           | 1 |  1.3
Maces & Flails | 1 |  1.3
Staves         | 1 |  1.3
Slings         | 1 |  1.3
Bows           | 1 |  1.3
Crossbows      | 1 |  1.3
Throwing       | 1 |  1.3
Stealth        | 1 |  1.3
Shields        | 1 |  1.3
Unarmed Combat | 1 |  1.3
Evocations     | 1 |  1.3
Conjurations   | 1 |  1.0
Hexes          | 1 |  1.0
Summonings     | 1 |  1.0
Necromancy     | 1 |  1.0
Translocations | 1 |  1.0
Transmutations | 1 |  1.0
Fire Magic     | 1 |  1.0
Ice Magic      | 1 |  1.0
Air Magic      | 1 |  1.0
Earth Magic    | 1 |  1.0
Poison Magic   | 1 |  1.0
Fighting       | |  4.7
Polearms       | |  4.7
Armour         | |  2.8
Dodging        | |  4.7
Charms         | |  5.5

Action                   |  1- 3 |  4- 6 || total
-------------------------+-------+-------++-------
Melee: Spear             |    85 |    98 ||   183
       Bite              |     3 |    15 ||    18
 Stab: Sleeping          |     1 |       ||     1
  Eat: Chunk             |       |     3 ||     3
Armor: Leather armour    |     6 |       ||     6
       Ring mail         |    16 |    22 ||    38
Dodge: Dodged            |    31 |    23 ||    54
Block: Shield            |    19 |    20 ||    39
